 Dungeon Crawl Stone Soup version 0.21-a0-498-g1b60429 (webtiles) character file.

249 zero the Sneak (level 5, 0/35 HPs)
             Began as a Vampire Enchanter on Nov 24, 2017.
             Succumbed to an adder's poison
             ... on level 4 of the Dungeon.
             The game lasted 00:11:23 (4319 turns).

zero the Sneak (Vampire Enchanter)                  Turns: 4319, Time: 00:11:24

Health: 0/35       AC:  3    Str:  7    XL:     5   Next: 87%
Magic:  3/9        EV: 13    Int: 19    God:
Gold:   139        SH:  0    Dex: 14    Spells: 1/10 levels left

rFire    + . .     SeeInvis +   a - +2 dagger
rCold    . . .     Gourm    .   (no shield)
rNeg     . . .     Faith    .   b - +0 robe
rPois    .         Spirit   .   (no helmet)
rElec    .         Reflect  .   (no cloak)
rCorr    .         Harm     .   k - +0 pair of gloves
MR       .....                  (no boots)
Stlth    +++.......             (no amulet)
HPRegen  0.31/turn              p - ring of protection from fire
MPRegen  0.11/turn              (no ring)

@: lethally poisoned (0 -> -11), very slightly contaminated, regenerating
quickly
A: fangs 3, see invisible, unbreathing
a: no special abilities


You were on level 4 of the Dungeon.
You were full.

You visited 1 branch of the dungeon, and saw 4 of its levels.

You collected 139 gold pieces.

Inventory:

Hand Weapons
 a - a +2 dagger (weapon)
Armour
 b - a +0 robe (worn)
 k - a +0 pair of gloves (worn)
 u - a +0 pair of boots
Jewellery
 p - a ring of protection from fire (left hand)
Wands
 o - a wand of iceblast (11)
 q - a wand of enslavement (13)
Scrolls
 e - a scroll of teleportation {unknown}
 f - 3 scrolls of blinking {unknown}
 j - 2 scrolls of remove curse {unknown}
 r - 4 scrolls of identify {unknown}
 s - a scroll of random uselessness {unknown}
 w - a scroll of enchant armour {unknown}
Potions
 d - a potion of lignification {unknown}
 g - 2 potions of degeneration {unknown}
 h - a potion of magic {unknown}
 i - a potion of heal wounds {unknown}
 l - a potion of mutation {unknown}
 m - 2 potions of curing {unknown}
 t - a potion of might {unknown}
 v - 2 potions of blood
Books
 c - a book of Maledictions

   Spells                             Type                      Level
   a - Corona                         Hexes                        1
   b - Ensorcelled Hibernation        Hexes/Ice                    2
   c - Confuse                        Hexes                        3
   d - Tukima's Dance                 Hexes                        3
   e - Dazzling Spray                 Conjuration/Hexes            3


   Skills:
 + Level 3.0 Short Blades
 + Level 3.5 Dodging
 + Level 6.1 Stealth
 + Level 3.0 Spellcasting
 + Level 5.7 Hexes


You had one spell level left.
You knew the following spells:

 Your Spells              Type           Power        Failure   Level  Hunger
a - Corona                Hex            ###....      1%          1    None
b - Ensorcelled Hibernat  Hex/Ice        ##....       7%          2    ##.....
c - Confuse               Hex            ###.....     4%          3    ###....
d - Tukima's Dance        Hex            ###.....     4%          3    ###....


Dungeon Overview and Level Annotations

Branches:
Dungeon (4/15)
 Temple: D:4-7

Altars:


Innate Abilities, Weirdness & Mutations

Your natural rate of healing is unusually fast.
You have razor-sharp teeth.
You have supernaturally acute eyesight. (SInv)
You can survive without breathing.


Message History

You are more poisoned.
The adder poisons you!
You hit the adder but do no damage.
The adder is moderately wounded.
* * * LOW HITPOINT WARNING * * *
You feel sick. The adder bites you.
* * * LOW HITPOINT WARNING * * *
You are more poisoned.
The adder poisons you!
You hit the adder.
The adder is moderately wounded.
* * * LOW HITPOINT WARNING * * *
You feel sick. The orc hits you but does no damage.
The adder closely misses you.
Okay, then.
Okay, then.
As you read the scroll labeled YKAKHL FESAOXI, it crumbles to dust.
It is a scroll of enchant weapon.
Your +1 dagger glows red for a moment.
You die...

#. #..# ##+# #..
#..# ##...##
##..##..# ##.)...##
.......# ##.......#
#.#...####.........
#........+........>
#o#...# #.........
#o##.## #.......#
#o@S.# ##.....##
####.# ##.%.## #.#
##'## #.# #.# #.#
#.# #.# #####.##
#.# #......##
#.#####.#.....#
#..........(.##


You could see an adder and 3 orcs.

Vanquished Creatures
  A hound (D:4)
  2 orc wizards (D:4)
  2 worker ants (D:4)
  An adder (D:3)
  2 oozes
  2 adder skeletons
  2 dart slugs (D:1)
  3 leopard geckos
  15 orcs
  6 bats
  2 giant cockroaches
  3 goblins
  4 hobgoblins
  2 jackals (D:3)
  4 quokkas
  4 ball pythons
  4 frilled lizards
  6 kobolds
  A leopard gecko skeleton (D:4)
  5 rats
71 creatures vanquished.

Notes
Turn   | Place    | Note
-------+----------+-------------------------------------------
     0 | D:1      | zero the Vampire Enchanter began the quest for the Orb.
     0 | D:1      | Reached XP level 1. HP: 13/13 MP: 3/3
   529 | D:1      | Reached XP level 2. HP: 19/19 MP: 5/5
  1084 | D:1      | Learned a level 2 spell: Ensorcelled Hibernation
  1137 | D:1      | Reached XP level 3. HP: 19/24 MP: 4/6
  1491 | D:2      | Reached skill level 5 in Stealth
  1989 | D:3      | Learned a level 3 spell: Confuse
  2188 | D:3      | Reached skill level 5 in Hexes
  2233 | D:3      | Reached XP level 4. HP: 19/30 MP: 2/7
  3807 | D:4      | Reached XP level 5. HP: 22/35 MP: 1/9
  3893 | D:4      | Learned a level 3 spell: Tukima's Dance
  4124 | D:4      | Reached skill level 6 in Stealth
  4318 | D:4      | HP: 1/35 [poisoned by an adder]
  4319 | D:4      | Succumbed to an adder's poison

Vault maps used:
D:1:      minmay_arrival_loop
D:2:      first_bread
D:4:      minmay_temple_entry_from_below_a, uniq_pikel

Skill      XL: |  1  2  3  4  5 |
---------------+----------------+-----
Stealth        | 5 6 |  6.1
Short Blades   | 2 3 |  3.0
Hexes          | 5 |  5.7
Dodging        | 3 |  3.5
Spellcasting   | 3 |  3.0

Action                   |  1- 3 |  4- 6 || total
-------------------------+-------+-------++-------
Melee: Dagger            |   150 |   188 ||   338
       Bite              |    15 |     9 ||    24
 Cast: Corona            |    12 |    11 ||    23
       Ensorcelled Hiber |     8 |    19 ||    27
  Use: Potion            |    14 |    10 ||    24
       Scroll            |       |     1 ||     1
 Stab: Sleeping          |    15 |    12 ||    27
Armor: Robe              |    31 |    27 ||    58
Dodge: Dodged            |    92 |   114 ||   206

Table legend:
 A = Spawn XP
 B = Non-spawn XP
 C = Spawn XP percentage of total XP
 D = Spawn monster count
 E = Non-spawn monster count
 F = Spawn count percentage of total count
 G = Total turns spent on level
                    A         B        C        D         E        F      G
               +---------+---------+-------+---------+---------+-------+---------
         Total |       0 |     357 |   0.0 |       0 |      71 |   0.0 |  4319
               +---------+---------+-------+---------+---------+-------+---------
           D:1 |       0 |      44 |   0.0 |       0 |      22 |   0.0 |  1317
           D:2 |       0 |      22 |   0.0 |       0 |      11 |   0.0 |   667
           D:3 |       0 |      68 |   0.0 |       0 |      23 |   0.0 |  1380
           D:4 |       0 |     223 |   0.0 |       0 |      15 |   0.0 |   955
               +---------+---------+-------+---------+---------+-------+---------
